AoeStats
← Lucasavend

Arena

510517463Analyzed
4v4 RM · 2d ago on Oct 1, 2026· 130m 20s· 8 players
Game mode
Random Map
Map size
Large (8 player)
Population
200
Speed
Normal
Resources
Standard
Victory
Conquest
Starting age
Dark Age
Ending age
Imperial Age
RankedLock teamsTeams togetherTeam positionsShared explorationLock speedFull tech treeHidden civsTurbo modeCheats
Victory
Defeat
🇨🇳 Gurjaras · China
670
+13
🇪🇸 Bohemians · Spain
658
+14
🇨🇳 Italians · China
656
+14
🇦🇷 Muisca · Argentina
637
+14
🇦🇺 Huns · Australia
658
-16
🇦🇺 Gurjaras · Australia
620
-14
🇦🇺 Byzantines · Australia
577
-13
🇦🇺 Persians · Australia
564
-12
yawentseng1102
11:32 Feudal Age
16:12 Double-Bit Axe
24:38 Castle Age
30:35 Bow Saw
37:07 Imperial Age
35:00 Horse Collar
38:12 Light Cavalry
40:21 Caravan
42:18 Wheelbarrow
45:00 Heavy Plow
46:36 Chemistry
46:20 Hussar
47:50 Crop Rotation
48:14 Hand Cart
48:22 Elite Shrivamsha Rider
50:38 Elite Chakram Thrower
50:49 Elite Skirmisher
57:05 Heavy Scorpion
59:58 Siege Elephant
75:57 Elite Elephant Archer
81:51 Bloodlines
ReflectionX4757
0:36 Loom
13:34 Feudal Age
24:38 Stone Mining
24:39 Gold Mining
26:54 Castle Age
26:52 Padded Archer Armor
26:46 Fletching
26:45 Horse Collar
26:53 Double-Bit Axe
27:26 Gambesons
27:42 Squires
27:03 Pikeman
27:32 Arson
29:24 Bow Saw
31:34 Heavy Plow
33:28 Kamandaran
34:53 Stone Shaft Mining
34:54 Gold Shaft Mining
43:28 Coinage
43:16 Caravan
48:57 Imperial Age
46:57 Bodkin Arrow
47:09 Scale Barding Armor
47:06 Scale Mail Armor
47:16 Forging
47:25 Thumb Ring
46:41 Crossbowman
49:48 Banking
50:36 Two-Man Saw
54:20 Crop Rotation
57:54 Bloodlines
57:44 Husbandry
57:05 Cavalier
57:14 Halberdier
66:11 Savar
66:53 Capped Ram
68:01 Siege Ram
75:30 Guilds
81:19 Elite War Elephant
83:18 Hoardings
86:51 Masonry
87:02 Ballistics
86:33 Guard Tower
86:40 Murder Holes
99:18 Architecture
98:49 Heated Shot
Nanitolindo
1:53 Loom
13:34 Feudal Age
16:34 Double-Bit Axe
16:33 Horse Collar
20:51 Scale Mail Armor
25:59 Castle Age
27:01 Wheelbarrow
26:58 Bow Saw
26:46 Pikeman
27:26 Squires
28:48 Chain Mail Armor
30:28 Arson
35:16 Stone Mining
35:20 Gold Mining
35:42 Heavy Plow
39:52 Fervor
42:30 Imperial Age
42:23 Fervor
43:45 Gold Shaft Mining
46:06 Stone Shaft Mining
45:51 Halberdier
60:19 Hand Cart
77:50 Elite Varangian Guard
106:29 Plate Mail Armor
106:04 Scale Barding Armor
106:10 Forging
106:37 Plate Mail Armor
106:17 Forging
109:00 Iron Casting
108:26 Padded Archer Armor
raging tom
4:41 Loom
12:10 Feudal Age
15:15 Wheelbarrow
14:41 Double-Bit Axe
15:07 Horse Collar
18:28 Castle Age
18:15 Scale Barding Armor
18:22 Forging
20:10 Bow Saw
20:13 Heavy Plow
26:15 Chain Barding Armor
26:21 Stone Mining
26:21 Gold Mining
27:15 Hand Cart
32:22 Imperial Age
29:42 Town Watch
33:13 Gold Shaft Mining
34:11 Plate Barding Armor
34:12 Iron Casting
34:03 Conscription
33:45 Marauders
33:06 Elite Tarkan
34:19 Parthian Tactics
33:59 Padded Archer Armor
35:58 Caravan
35:41 Cavalier
36:21 Husbandry
36:32 Bloodlines
37:30 Blast Furnace
37:06 Town Patrol
37:39 Paladin
40:08 Heavy Cavalry Archer
41:09 Leather Archer Armor
40:55 Scale Mail Armor
40:45 Fletching
45:44 Two-Man Saw
48:41 Ballistics
48:17 Murder Holes
49:23 Chemistry
59:46 Masonry
59:50 Guilds
60:11 Coinage
66:09 Elite Skirmisher
66:09 Crossbowman
66:55 Thumb Ring
67:08 Chain Mail Armor
66:49 Bodkin Arrow
66:18 Man-at-Arms
70:16 Banking
71:43 Bracer
71:51 Pikeman
72:31 Squires
72:17 Arson
76:17 Halberdier
80:03 Long Swordsman
82:28 Long Swordsman
82:36 Light Cavalry
86:09 Hussar
87:38 Careening
87:39 Clinker Construction
88:17 Two-Handed Swordsman
116:52 Fervor
116:42 Atonement
117:08 Illumination
117:56 Devotion
118:16 Sanctity
118:54 Heresy
119:02 Carvel Hull
119:02 Dry Dock
119:51 Faith
119:44 Capped Ram
120:45 Siege Ram
Lucasavend
0:42 Loom
12:35 Feudal Age
14:17 Wheelbarrow
13:28 Town Watch
13:28 Horse Collar
13:41 Double-Bit Axe
15:57 Gold Mining
16:01 Stone Mining
22:27 Castle Age
27:07 Hand Cart
27:01 Heavy Plow
27:56 Bow Saw
29:23 Gold Shaft Mining
38:06 Herbalism
38:32 Squires
42:59 Imperial Age
40:27 Fletching
40:38 Padded Archer Armor
40:40 Scale Mail Armor
40:50 Forging
42:20 Ballistics
41:41 Treadmill Crane
42:12 Masonry
42:01 Murder Holes
43:36 Thumb Ring
45:13 Two-Man Saw
44:49 Stone Shaft Mining
44:58 Crop Rotation
44:52 Capped Ram
45:36 Bodkin Arrow
45:56 Leather Archer Armor
45:58 Chain Mail Armor
46:19 Iron Casting
47:25 Chemistry
46:54 Conscription
46:43 Huaracas
47:28 Pikeman
48:36 Crossbowman
50:17 Heavy Scorpion
51:07 Bracer
51:39 Plate Mail Armor
53:01 Hoardings
52:51 Elite Guecha Warrior
55:08 Elite Skirmisher
57:04 Siege Engineers
56:59 Guard Tower
57:39 Onager
59:48 Elite Temple Guard
74:39 Siege Onager
85:05 Champi Runner
88:22 Champi Warrior
88:37 Arbalester
125:14 Elite Champi Warrior
Zeus89
13:32 Feudal Age
14:00 Horse Collar
17:02 Double-Bit Axe
21:17 Castle Age
19:56 Fletching
20:07 Padded Archer Armor
20:08 Scale Mail Armor
22:31 Man-at-Arms
23:53 Pikeman
24:34 Squires
23:56 Long Swordsman
24:22 Arson
27:42 Caravan
29:33 Coinage
31:02 Chain Mail Armor
31:02 Leather Archer Armor
30:43 Bodkin Arrow
30:59 Forging
32:54 Heavy Plow
33:31 Wagenburg Tactics
35:15 Iron Casting
34:40 Loom
35:31 Wheelbarrow
39:47 Imperial Age
37:24 Elite Skirmisher
38:39 Hand Cart
43:42 Elite Hussite Wagon
44:16 Halberdier
AK
0:33 Loom
11:23 Feudal Age
12:44 Wheelbarrow
11:50 Horse Collar
11:56 Double-Bit Axe
16:10 Gold Mining
16:25 Stone Mining
23:22 Castle Age
21:56 Bloodlines
24:22 Hand Cart
25:17 Gold Shaft Mining
25:19 Stone Shaft Mining
25:33 Heavy Plow
25:53 Bow Saw
27:08 Husbandry
26:54 Man-at-Arms
30:46 Forging
30:41 Scale Barding Armor
33:12 Iron Casting
32:57 Chain Barding Armor
34:31 Caravan
38:10 Kshatriyas
38:34 Treadmill Crane
41:34 Imperial Age
39:49 Fletching
40:00 Padded Archer Armor
41:35 Thumb Ring
41:32 Bodkin Arrow
41:54 Leather Archer Armor
42:53 Conscription
43:42 Crop Rotation
44:28 Chemistry
44:01 Frontier Guards
47:22 Ballistics
47:21 Elite Elephant Archer
48:04 Bracer
48:42 Plate Barding Armor
48:21 Heavy Camel Rider
604569544
2:49 Loom
13:02 Feudal Age
15:30 Town Watch
19:02 Castle Age
18:55 Man-at-Arms
21:02 Scale Mail Armor
21:26 Long Swordsman
25:27 Forging
25:54 Horse Collar
29:19 Chain Mail Armor
32:19 Heavy Plow
33:39 Double-Bit Axe
34:45 Iron Casting
37:18 Imperial Age
35:38 Wheelbarrow
34:58 Treadmill Crane
35:15 Murder Holes
37:20 Hand Cart
37:06 Gold Mining
37:29 Stone Mining
37:30 Two-Handed Swordsman
38:15 Squires
38:03 Arson
39:22 Chemistry
38:49 Bow Saw
40:32 Stone Shaft Mining
40:43 Masonry
40:45 Fortified Wall
41:10 Plate Mail Armor
42:12 Two-Man Saw
42:35 Crop Rotation
43:04 Padded Archer Armor
44:04 Blast Furnace
44:25 Champion
45:10 Caravan
45:33 Silk Road
45:51 Hoardings
45:28 Town Patrol
46:05 Ballistics
45:23 Elite Skirmisher
46:08 Thumb Ring
50:41 Pirotechnia
50:53 Conscription
51:13 Leather Archer Armor
50:51 Fletching
52:51 Ring Archer Armor
53:02 Architecture
52:53 Bombard Tower
52:24 Guard Tower
86:19 Onager
Connection lost

Rejoining the realm…

Still unreachable

The connection could not be restored.

Session expired

The server has moved on; the page needs a fresh start.